 Dungeon Crawl Stone Soup version 0.29-a0-338-g1ff7896281 (webtiles) character file.

Game seed: 8203223124424876987

1731 bande the Chopper (level 9, -5/54 HPs)
             Began as a Gargoyle Fighter on Apr 18, 2022.
             Slain by a rust devil (11 damage)
             ... on level 5 of the Dungeon.
             The game lasted 00:11:18 (6386 turns).

bande the Chopper (Gargoyle Fighter)                Turns: 6386, Time: 00:11:19

Health: -5/54      AC: -3    Str: 24    XL:     9   Next: 5%
Magic:  9/9        EV: 12    Int:  9    God:
Gold:   87         SH: 11    Dex: 15    Spells: 8/8 levels left

rFire   . . .      SeeInvis .   s - +5 hand axe "X" {freeze, Str+4 Dex+2}
rCold   . . .      Faith    .   c - +1 buckler
rNeg    + . .      Spirit   .   o - +0 chain mail
rPois   ∞          Reflect  +   (no helmet)
rElec   +          Harm     .   (no cloak)
rCorr   .          Rampage  .   (no gloves)
Will    .....                   (no boots)
Stlth   ..........              k - amulet of reflection
HPRegen 0.18/turn               n - +4 ring of evasion
MPRegen 0.11/turn               (no ring)

@: mighty, corroded
A: sickness immunity, AC +6, negative energy resistance 1, electricity
resistance, torment resistance 1, petrification resistance
a: no special abilities


You were on level 5 of the Dungeon.
You visited 2 branches of the dungeon, and saw 8 of its levels.

You collected 263 gold pieces.
You spent 176 gold pieces at shops.

Inventory:

Hand Weapons
 a - a +0 vorpal war axe
 p - a +0 flail
 q - a +0 war axe
 s - the +5 hand axe "X" (weapon) {freeze, Str+4 Dex+2}
   (You bought it in a shop on level 1 of the Dungeon)

   It freezes those it strikes, dealing additional cold damage.
   It can also slow down cold-blooded creatures.
   Str:       It affects your strength (+4).
   Dex:       It affects your dexterity (+2).
Armour
 c - a +1 buckler (worn)
 o - a +0 chain mail (worn)
Jewellery
 k - an amulet of reflection (around neck)
 n - a +4 ring of evasion (left hand)
Wands
 t - a wand of iceblast (4)
 v - a wand of acid (8)
Scrolls
 w - a scroll of fear
Potions
 b - 4 potions of haste
 e - a potion of berserk rage {unknown}
 f - a potion of attraction {unknown}
 g - a potion of ambrosia {unknown}
 h - a potion of resistance
 i - a potion of curing
 j - a potion of degeneration {unknown}
 l - 2 potions of flight
 m - 5 potions of mutation {unknown}
 r - a potion of brilliance {unknown}
 u - 2 potions of heal wounds


   Skills:
 + Level 5.5 Fighting
 + Level 7.1 Axes
 + Level 6.5 Armour
 - Level 0.1 Dodging
 + Level 6.0 Shields
 * Level 1.7 Evocations


You had 8 spell levels left.
You didn't know any spells.
Your spell library contained the following spells:

 Spells                   Type           Power      Damage    Failure   Level
 Animate Skeleton         Necr           0%         N/A       97%         1
 Pain                     Necr           0%         1d4       97%         1
 Vampiric Draining        Necr           0%         2d6       100%        3
 Animate Dead             Necr           0%         N/A       100%        4
 Borgnjor's Vile Clutch   Necr/Erth      0%         N/A       100%        5
 Death Channel            Necr           0%         N/A       100%        6


Dungeon Overview and Level Annotations

Branches:
Dungeon (7/15)             Temple (1/1) D:6

Altars:
Cheibriados
Dithmenos
Elyvilon
Fedhas
Gozag
Hepliaklqana
Nemelex Xobeh
Ru
Sif Muna
Trog
Uskayaw
Vehumet
Xom
Yredelemnul
Zin
The Shining One

Shops:
D:1 (


Innate Abilities, Weirdness & Mutations

You are immune to sickness and miasma.
Your stone body is resilient. (AC +6)
You are immune to poison.
You resist negative energy. (rN+)
You are resistant to electric shocks. (rElec)
You are resistant to unholy torment.
You are immune to petrification.


Message History

The orc warrior barely misses you. You block the orc warrior's attack.
You slash the orc warrior! You freeze the orc warrior.
You kill the orc warrior!
You hit the rust devil.
You hit the orc warrior but do no damage.
The orc warrior closely misses you. You block the rust devil's attack.
Your Shields skill increases to level 6!
You have reached level 9!
Your experience leads to an increase in your attributes!
Your base attributes are Str 20, Int 9, Dex 11.
Increase (S)trength, (I)ntelligence, or (D)exterity?
You feel agile. x2
The rust devil hits you. The rust devil corrodes you!
You block the orc warrior's attack. The rust devil hits you.
The rust devil corrodes you!
Things that are here:
a +0 halberd; a boomerang of dispersal; a +0 plate armour You hit the rust devil but do no damage.
You hit the orc warrior but do no damage.
You hit the rust devil. You freeze the rust devil.
The rust devil completely misses you. You block the orc warrior's attack.
The rust devil hits you. The rust devil corrodes you!
You hit the rust devil but do no damage. x2
You hit the orc warrior but do no damage.
The rust devil hits you. The rust devil corrodes you!
The orc warrior hits you with a +0 scimitar!!
The rust devil hits you!
* * * LOW HITPOINT WARNING * * *
The rust devil corrodes you!
You hit the rust devil but do no damage.
You hit the orc warrior. You freeze the orc warrior.
You hit the rust devil but do no damage.
You block the rust devil's attack. You block the orc warrior's attack.
You block the rust devil's attack.
You hit the rust devil.
The rust devil is lightly wounded.
You closely miss the orc warrior.
You hit the rust devil but do no damage.
The rust devil hits you!
You die...

#≈≈.##.................)....
#.≈. #......................
#l# #......................
#######......................
#.....#......................
#.###......###...........###(
#........###>###...###.#.# #.
######..##♣...♣##...#..#.# #.
#..#).4@o.)#...#.##.# #.
#.###..4..###..#.##.###. #.#
+..8..+ #.##.##..##.
#.###.....###....###.###
#..#).....)#...### #..##
#..##♣...♣##.....####...
#...###∩###..........#..
#.#...###............#..
#.###.....##.........#..


You could see 2 rust devils and an orc warrior.

Vanquished Creatures
  Eustachio (D:6)
  Edmund (D:5)
  An ice beast (D:5)
  An orc warrior (D:5)
  A sky beast (D:7)
  A black bear (D:7)
  3 ogres (D:5)
  A centaur (D:5)
  A kobold brigand (D:4)
  2 necrophages
  A scorpion (D:5)
  A howler monkey (D:5)
  A hound (D:5)
  2 jellies
  An orc priest (D:6)
  Natasha (thrice) (D:3)
  2 iguanas
  An orc wizard (D:3)
  3 gnolls (D:4)
  6 adders
  A shadow imp (D:5)
  An ufetubus (D:3)
  A worm (D:2)
  A dart slug (D:3)
  14 orcs
  10 ball pythons
  13 bats
  8 endoplasms
  5 goblins
  3 hobgoblins
  4 jackals (D:3)
  5 kobolds
  5 quokkas
  2 frilled lizards (D:1)
  3 rats
110 creatures vanquished.

Vanquished Creatures (others)
  8 fungi (D:5)
8 creatures vanquished.

Grand Total: 118 creatures vanquished

Notes
Turn   | Place    | Note
-------+----------+-------------------------------------------
     0 | D:1      | bande the Gargoyle Fighter began the quest for the Orb.
     0 | D:1      | Reached XP level 1. HP: 14/14 MP: 1/1
   445 | D:1      | Reached XP level 2. HP: 19/19 MP: 2/2
   460 | D:1      | Found a faded altar of an unknown god.
   785 | D:1      | Reached skill level 2 in Axes
   829 | D:1      | Found Kiqell's Antique Weapon Shoppe.
  1332 | D:2      | Reached XP level 3. HP: 14/24 MP: 3/3
  2227 | D:3      | HP: 1/24 [orc/+0 club (2)]
  2228 | D:3      | Reached XP level 4. HP: 1/29 MP: 4/4
  2511 | D:3      | Reached skill level 3 in Axes
  2782 | D:3      | Noticed Natasha
  2793 | D:3      | Killed Natasha
  2794 | D:3      | Reached XP level 5. HP: 21/33 MP: 5/5
  2807 | D:3      | Noticed Natasha
  2819 | D:3      | Killed Natasha
  2855 | D:3      | Noticed Natasha
  2881 | D:3      | Killed Natasha
  2918 | D:3      | Found a sparkling altar of Nemelex Xobeh.
  3344 | D:3      | Found a blossoming altar of Fedhas.
  3381 | D:3      | Reached XP level 6. HP: 37/38 MP: 6/6
  3583 | D:4      | Reached skill level 4 in Axes
  3637 | D:4      | Found a basalt altar of Yredelemnul.
  3659 | D:4      | Found a shadowy altar of Dithmenos.
  4277 | D:4      | Found a sacrificial altar of Ru.
  4392 | D:5      | Entered Level 5 of the Dungeon
  4469 | D:5      | Reached skill level 5 in Armour
  4469 | D:5      | Reached XP level 7. HP: 12/44 MP: 7/7
  4767 | D:5      | Identified the +2 whip of an ossuary {flame, rN+}
  4792 | D:5      | Reached skill level 5 in Axes
  4800 | D:5      | Noticed Edmund
  4822 | D:5      | Killed Edmund
  4823 | D:5      | Reached XP level 8. HP: 10/48 MP: 8/8
  5179 | D:5      | Reached skill level 5 in Fighting
  5179 | D:5      | Reached skill level 6 in Axes
  5179 | D:5      | Reached skill level 5 in Shields
  5508 | D:5      | Found a glowing golden altar of the Shining One.
  5744 | D:1      | Bought an encrusted hand axe for 176 gold pieces
  5744 | D:1      | Identified the +5 hand axe "X" {freeze, Str+4 Dex+2} (You
                  | bought it in a shop on level 1 of the Dungeon)
  5983 | D:6      | Noticed Eustachio
  6021 | D:7      | Reached skill level 1 in Evocations
  6081 | D:6      | Killed Eustachio
  6249 | D:6      | Found a staircase to the Ecumenical Temple.
  6259 | D:6      | Reached skill level 7 in Axes
  6279 | Temple   | Entered the Ecumenical Temple
  6376 | D:5      | Noticed a rust devil
  6376 | D:5      | Noticed a rust devil
  6382 | D:5      | Reached XP level 9. HP: 49/54 MP: 9/9
  6386 | D:5      | Slain by a rust devil

Illustrated notes

Levels and vault maps discovered:
D:1:      minmay_arrival_split_and_join, layout_loops_ring, serial_shops,
          nicolae_shop_advertising_works [nicolae_subvault_shop_adworks],
          hellmonk_ecumenical_altar_zigzags, hangedman_decor_clover_reticule,
          minivault_4
D:2:      layout_loops_cross
D:3:      layout_rooms, nemelex_xobeh_ov_fountains_minmay, fedhas_altar_2,
          roderic_batcave, grunt_decor_junction, uniq_natasha
D:4:      layout_rooms, kennysheep_mini, mainiacjoe_overflow_surrounded_room,
          mainiacjoe_overflow_cross_hatched, minmay_pentomino_pile
D:5:      cheibrodos_iron_armory, layout_rooms, nicolae_tso_swordbearing_angel,
          serial_aquarium, aquarium_bridge_square [aquarium_subvault_window,
          aquarium_subvault_bridge, aquarium_subvault_wall,
          aquarium_subvault_wall], aquarium_window_1, aquarium_window_2,
          aquarium_window_double, aquarium_window_1, aquarium_view_2e,
          aquarium_balcony_1b, feat_on_display, uniq_edmund
D:6:      layout_cave_pods, mainiacjoe_overflow_tiny_flanked,
          old_standard_altar, minmay_temple_entry_proselytizer,
          kennysheep_generic_room_5, uniq_eustachio
D:7:      layout_rooms, enter_bailey_3, nicolae_specific_store
Temple:   jpeg_temple_alley_garden

Skill      XL: |  1  2  3  4  5  6  7  8 |
---------------+-------------------------+-----
Axes           | 2 3 4 5 7 |  7.1
Armour         | 4 5 6 |  6.5
Fighting       | 4 5 |  5.5
Shields        | 4 6 |  6.0
Evocations     | 1 |  1.7
Dodging        | |  0.1

Action                   |  1- 3 |  4- 6 |  7- 9 || total
-------------------------+-------+-------+-------++-------
Melee: War axe           |    94 |   162 |    65 ||   321
       Hand axe          |       |       |    35 ||    35
  Use: Scroll            |     4 |     9 |     1 ||    14
       Potion            |     1 |     3 |     4 ||     8
Armor: Scale mail        |    38 |       |       ||    38
       Chain mail        |    34 |   129 |    55 ||   218
Dodge: Dodged            |    39 |    80 |    70 ||   189
Block: Buckler           |    30 |    58 |    73 ||   161
       Reflection        |       |       |     4 ||     4

Table legend: (Time is in decaauts)
 A = Elapsed time spent in this place.
 B = Non-inter-level travel time spent in this place.
 C = Inter-level travel time spent in this place.
 D = Time resting spent in this place.
 E = Time spent auto-exploring this place.
 F = Levels seen in this place.
 G = Mean time per level.
                   A        B        C        D        E       F      G
               +--------+--------+--------+--------+--------+-----+--------+
         Total |   6536 |   6269 |    267 |   1970 |   2933 |   8 |  817.0 |
       Dungeon |   6449 |   6182 |    267 |   1970 |   2933 |   7 |  921.3 |
        Temple |     86 |     86 |      0 |      0 |      0 |   1 |   86.0 |
               +--------+--------+--------+--------+--------+-----+--------+

Top non-repeatable levels by time:
     D:1: 1556 daAuts
     D:5: 1245 daAuts
     D:3: 1191 daAuts
     D:2: 1039 daAuts
     D:4: 1013 daAuts
     D:6: 336 daAuts
  Temple: 86 daAuts
     D:7: 68 daAuts
